 Dungeon Crawl Stone Soup version 0.17-a0-1914-gde4187c (webtiles) character file.

585 4thArraOfDagon the Ruffian (level 7, -1/59 (60) HPs)
             Began as a Ghoul Monk on Sept 26, 2015.
             Was a Priest of Cheibriados.
             Rotted away (potion of mutation)
             ... on level 10 of the Dungeon.
             The game lasted 00:09:07 (1717 turns).

4thArraOfDagon the Ruffian (Ghoul Monk)             Turns: 1717, Time: 00:09:08

HP:   -1/59 (60)    AC:  8    Str: 21      XL:     7   Next: 37%
MP:   3/7           EV: 12    Int: 13      God:    Cheibriados [***...]
Gold: 253           SH:  0    Dex: 16 (17) Spells: 1 memorised, 1 level left

rFire  + . .     SeeInvis .       - Unarmed
rCold  + + +     Clarity  .     g - +0 scale mail
rNeg   + + +     SustAt   .     (no shield)
rPois  ∞         Gourm    .     j - +2 hat "Odibilepp" {rF+}
rElec  +         Spirit   .     (no cloak)
rCorr  +         Warding  .     (no gloves)
rMut   .         Stasis   .     (no boots)
MR     .....                    u - amulet of inaccuracy (curse)
Stlth  +.........               k - ring of ice
                                d - +6 ring of slaying

@: resistant, rotting, very slow, not resistant to hostile enchantments, very
unstealthy
A: rotting body, claws 1, carnivore 3, cold resistance 1, negative energy
resistance 3, slow healing 1, torment resistance, unbreathing
a: Bend Time, Temporal Distortion, Renounce Religion


You were on level 10 of the Dungeon.
You worshipped Cheibriados.
Cheibriados was most pleased with you.
You were not hungry.

You visited 2 branches of the dungeon, and saw 9 of its levels.

You collected 253 gold pieces.

Inventory:

Armour
 g - a +0 scale mail (worn)
 h - a +1 pair of gloves
 j - the +2 hat "Odibilepp" (worn) {rF+}
   (You acquired it on level 7 of the Dungeon)

   It protects you from fire.
Jewellery
 d - a +6 ring of slaying (left claw)
 k - a ring of ice (right claw)
 q - an uncursed amulet of guardian spirit {unknown}
 u - a cursed amulet of inaccuracy (around neck)
Magical devices
 n - a wand of confusion (16)
Scrolls
 o - a scroll of immolation
Potions
 a - a potion of invisibility {unknown}
 e - a potion of lignification
 p - a potion of resistance
 s - a potion of mutation
Books
 m - a book of the Warp

   Spells                             Type                      Level
   a - Recall                         Summoning/Translocation      3
   b - Gell's Gravitas                Hexes/Translocation          3
   c - Force Lance                    Conjuration/Translocation    4
   d - Phase Shift                    Translocation                5
   e - Warp Weapon                    Charms/Translocation         5
   f - Summon Forest                  Summoning/Translocation      5
Comestibles
 b - 3 meat rations
 f - a slice of pizza
 i - 3 chunks of flesh
 l - a beef jerky


   Skills:
 + Level 4.9 Fighting
 + Level 2.5 Armour
 + Level 4.0 Dodging
 - Level 2.1 Stealth
 * Level 6.6 Unarmed Combat
 + Level 2.3 Invocations


You had one spell level left.
You knew the following spells:

 Your Spells              Type           Power        Failure   Level  Hunger
a - Phase Shift           Tloc           #.........   100%        5    ######.


Dungeon Overview and Level Annotations

Branches:
Dungeon (10/15)            Temple (1/1) D:5
   Lair: D:8-11         Orc: D:9-12

Altars:
Ashenzari
Cheibriados
Gozag
Ru
Trog
Vehumet
Zin
The Shining One

Annotations:
D:4 Blork the orc


Innate Abilities, Weirdness & Mutations

Your body is rotting away.
You thrive on raw meat.
You are immune to poison.
You have sharp fingernails.
You are carnivorous and can eat meat at any time.
Your flesh is cold resistant.
You are immune to negative energy.
You heal slowly when monsters are visible.
You are immune to unholy pain and torment.
You can survive without breathing.


Message History

The orc priest hits you with a club.
* * * LOW HITPOINT WARNING * * *
Unknown command.
Unknown command.
Use which ability?
You warp the flow of time around you!
You feel quite a bit more hungry.
Unknown command.
Drink which item? (? for menu, Esc to quit)
It was a potion of resistance.
You feel protected. The orc priest barely misses you.
Unknown command.
Drink which item? (? for menu, Esc to quit)
It was a potion of mutation.
You feel extremely strange.
Your body decomposes!
You feel clumsy.
Your body decomposes!
* * * LOW HITPOINT WARNING * * *
Your body decomposes!
You die...

#######.#####
#...........#
............#
#...........# +
#....o......#.#
#......o......#
#.....ooY...#
#......@..).#
#############


You could see an orc warrior, a sky beast, 2 orc priests and an orc.

Vanquished Creatures
  An ice beast (D:7)
  A centaur (D:5)
  2 scorpions
  2 centaur zombies
  An orc wizard (D:6)
  An orc priest (D:7)
  Jessica (D:3)
  A worker ant (D:5)
  A hound zombie (D:5)
  2 hound skeletons (D:7)
  3 adders
  2 shadow imps
  2 oozes (D:3)
  An adder skeleton (D:5)
  2 worms
  3 giant geckos
  11 orcs
  4 bats (D:2)
  3 goblins
  2 hobgoblins
  3 jackals (D:5)
  3 quokkas
  A giant gecko skeleton (D:7)
  2 giant newts
  2 kobolds
  2 rats (D:2)
59 creatures vanquished.

Notes
Turn   | Place    | Note
--------------------------------------------------------------
     0 | D:1      | 4thArraOfDagon the Ghoul Monk began the quest for the Orb.
     0 | D:1      | Reached XP level 1. HP: 19/19 MP: 0/0
    91 | D:2      | Reached XP level 2. HP: 6/26 MP: 1/1
   124 | D:2      | Found a faded altar to an unknown god.
   323 | D:3      | Reached skill level 1 in Armour
   323 | D:3      | Reached XP level 3. HP: 26/31 MP: 2/2
   442 | D:3      | Reached skill level 5 in Unarmed Combat
   480 | D:3      | Noticed Jessica
   485 | D:3      | Killed Jessica
   485 | D:3      | Reached XP level 4. HP: 40/40 MP: 3/3
   575 | D:4      | Noticed an ogre
   636 | D:5      | Entered Level 5 of the Dungeon
   644 | D:5      | Reached XP level 5. HP: 42/46 MP: 4/4
   661 | D:4      | Noticed Blork the orc
   661 | D:4      | Noticed a phantom
   682 | D:5      | Found a staircase to the Ecumenical Temple.
   689 | Temple   | Entered the Ecumenical Temple
   701 | Temple   | Became a worshipper of Cheibriados the Contemplative
   701 | Temple   | Acquired Cheibriados's first power
   853 | D:5      | Noticed a centaur
   864 | D:5      | Killed a centaur
   864 | D:5      | Reached skill level 1 in Invocations
   864 | D:5      | Reached XP level 6. HP: 43/53 MP: 5/5
   932 | D:6      | Reached skill level 6 in Unarmed Combat
  1111 | D:6      | Learned a level 5 spell: Phase Shift
  1401 | D:7      | Identified a scroll of acquirement
  1402 | D:7      | Got a polished hat
  1410 | D:7      | Identified the +2 hat "Odibilepp" {rF+} (You acquired it on level 7 of the Dungeon)
  1447 | D:7      | inaccuracy ftw
  1543 | D:7      | Reached XP level 7. HP: 57/57 MP: 7/7
  1549 | D:7      | Acquired Cheibriados's second power
  1637 | D:6      | Found a radiant altar of Vehumet.
  1708 | D:7      | You fall through a shaft for 3 floors!
  1708 | D:10     | Entered Level 10 of the Dungeon
  1709 | D:10     | :S
  1717 | D:10     | HP: 2/60 [rotting (potion of mutation)]
  1717 | D:10     | Rotted away (potion of mutation)

Vault maps used:
D:1:      sevenhm_arrival_forest_fort_small_6
D:2:      ecumenical_altar_1, uniq_sigmund
D:3:      uniq_jessica
D:4:      serial_column_ruins, column_ruins_circle_medium,
          column_ruins_courtyard_long, column_ruins_corridor_straight,
          column_ruins_open_small_water, column_ruins_grid_3,
          column_ruins_open_tiny, column_ruins_open_medium, uniq_blork_the_orc
D:5:      lemuel_coloured_pillars_altar, yredelemnul_forgotten_temple_becter,
          minmay_temple_entry_grid, serial_shops, shop, first_bread
D:6:      lemuel_upstairs_altar
D:10:     grunt_livestock, grunt_tough_drop
Temple:   circular_temple_12

Action                   |  1- 3 |  4- 6 |  7- 9 || total
-------------------------+-------+-------+-------++-------
Melee: Unarmed           |    82 |    89 |    21 ||   192
Invok: Temporal Distorti |       |       |     1 ||     1
  Use: Scroll            |       |    11 |       ||    11
       Potion            |       |       |     3 ||     3
 Stab: Sleeping          |     1 |       |       ||     1
  Eat: Chunk             |    12 |     5 |     3 ||    20
